 Dungeon Crawl Stone Soup version 0.19-a0-1803-g97ff39f (webtiles) character file.

44248 Proteus the Imperceptible (level 13, -1/69 HPs)
             Began as a Spriggan Assassin on Oct 5, 2016.
             Was the Champion of Trog.
             Slain by a polar bear (12 damage)
             ... in an ice cave.
             The game lasted 01:04:17 (22988 turns).

Proteus the Imperceptible (Spriggan Assassin)      Turns: 22988, Time: 01:04:18

Health: -1/69      AC:  7    Str:  7    XL:     13   Next: 95%
Magic:  4/4        EV: 31    Int: 13    God:    Trog [******]
Gold:   752        SH:  0    Dex: 22    Spells: 0 memorised, 12 levels left

rFire  x . .     SeeInvis +     d - +6 demon blade (antimagic)
rCold  + + .     Gourm    .     r - +2 robe of Vines {NoDeviceHeal Regen+7}
rNeg   . . .     Faith    +     (shield restricted)
rPois  .         Spirit   .     (helmet restricted)
rElec  .         Dismiss  .     u - +2 cloak
rCorr  .         Reflect  .     (gloves unavailable)
MR     ++...     Harm     .     (boots unavailable)
Stlth  +++++++++.               k - amulet of faith
                                D - ring of protection from cold
                                s - ring of ice

@: exhausted, slowed, quick
A: unfitting armour, see invisible, herbivore 3, speed 3, slow metabolism 2
a: Berserk, Trog's Hand, Brothers in Arms, Burn Spellbooks, Renounce Religion


You were in an ice cave.
You worshipped Trog.
Trog was exalted by your worship.
You were not hungry.

You visited 3 branches of the dungeon, and saw 17 of its levels.
You also visited: Ice Cave.

You collected 752 gold pieces.

Inventory:

Hand Weapons
 a - a +3 dagger of electrocution
 b - a +8 blowgun
 d - a +6 antimagic demon blade (weapon)
 G - a +4 dagger of venom
 L - a +0 antimagic short sword
 V - a +2 short sword of draining
Missiles
 t - 25 poisoned needles
 y - 8 needles of frenzy
 B - 9 needles of confusion
 P - 2 needles of sleeping
Armour
 r - the +2 robe of Vines (worn) {NoDeviceHeal Regen+7}
   (You found it on level 9 of the Dungeon)

   It increases your rate of regeneration.
 u - a +2 cloak (worn)
Jewellery
 e - a +2 amulet of reflection
 k - an amulet of faith (around neck)
 m - an uncursed ring of protection from fire
 s - a ring of ice (left hand)
 D - a ring of protection from cold (right hand)
 J - an uncursed ring of flight
 Q - an uncursed ring of poison resistance
Wands
 j - a wand of iceblast (5/15)
 q - a wand of flame (0/48)
 v - a wand of flame (17/48)
 H - a wand of heal wounds (5/9)
 I - a wand of acid (5/15)
 M - a wand of confusion (20/48)
 R - a wand of lightning (12/15)
 U - a wand of flame (19/48)
Scrolls
 c - a scroll of teleportation
 f - 14 scrolls of remove curse
 i - 4 scrolls of magic mapping
 l - a scroll of blinking
 o - 3 scrolls of enchant armour
 z - 4 scrolls of fear
 K - 3 scrolls of fog
 T - a scroll of holy word
Potions
 h - 3 potions of heal wounds
 n - 4 potions of brilliance
 p - 4 potions of flight
 w - a potion of mutation
 x - 3 potions of curing
 A - 3 potions of resistance
 C - 3 potions of haste
 E - 4 potions of might
 N - a potion of berserk rage
 O - 3 potions of ambrosia
 S - 3 potions of beneficial mutation {unknown}
Miscellaneous
 F - a lamp of fire
Comestibles
 g - 4 bread rations


   Skills:
 + Level 8.4 Fighting
 + Level 10.5 Short Blades
 + Level 9.6 Throwing
 + Level 12.8 Dodging
 * Level 22.3 Stealth


You had 12 spell levels left.
You didn't know any spells.

Dungeon Overview and Level Annotations

Branches:
Dungeon (10/15)            Temple (1/1) D:6            Lair (6/6) D:10
 Shoals (0/4) Lair:4       Spider (0/4) Lair:4        Slime (0/5) Lair:5
    Orc (0/2) D:9

Altars:
Ashenzari
Cheibriados
Dithmenos
Elyvilon
Fedhas
Gozag
Hepliaklqana
Kikubaaqudgha
Makhleb
Nemelex Xobeh
Okawaru
Qazlal
Ru
Sif Muna
Trog
Uskayaw
Vehumet
Xom
Yredelemnul
Zin
The Shining One
Jiyva

Annotations:
D:9 Naow's ghost, novice MiBe


Innate Abilities, Weirdness & Mutations

You are very small and have problems with some larger weapons.
You are too small for most types of armour.
You have supernaturally acute eyesight. (SInv)
You are a herbivore.
You cover ground extremely quickly.
You need consume almost no food.


Message History

The polar bear completely misses you.
You riposte.
You closely miss the polar bear.
The polar bear is severely wounded.
The polar bear claws you but does no damage.
The polar bear misses you.
You see here a yak corpse.
The polar bear bites you!
The polar bear completely misses you. x2
The polar bear rages.
The polar bear completely misses you. x3
The polar bear rages.
The polar bear bites you!!
* * * LOW HITPOINT WARNING * * *
The polar bear misses you. The polar bear completely misses you.
The polar bear bites you!
* * * LOW HITPOINT WARNING * * *
The polar bear misses you. The polar bear closely misses you.
Okay, then.
As you read the scroll of fear, it crumbles to dust.
You assume a fearsome visage.
The polar bear bites you!
You die...

######## ## ##......####
####.
####.@h.#.....####....
####....#######....#†..##
###.††.#### ###..††###
###....### ######
###....### #....### .
#..### #. ##..#### ##
##....####


You could see a polar bear (berserk).

Vanquished Creatures
  A frost giant (IceCv)
  The ghost of Naow the Severer, a journeyman DDFi of Makhleb (Lair:5)
  Josephine (D:10)
  3 hydras
  6 death yaks
  Urug (D:10)
  Nergalle (Lair:2)
  A flayed ghost (D:9)
  An oklob plant (Lair:4)
  3 elephants (Lair:5)
  An ice statue (IceCv)
  3 black mambas
  Joseph (Lair:1)
  5 spiny frogs
  A torpor snail (Lair:3)
  4 komodo dragons
  The ghost of Naow the Cleaver, an amateur MiBe of Trog (D:5)
  13 polar bears
  A two-headed ogre (D:8)
  A hornet (D:9)
  7 hippogriffs
  A snapping turtle (Lair:4)
  11 blink frogs
  9 wraiths
  50 yaks
  2 fire bats (D:9)
  The ghost of Proteus the Covert, an amateur SpAs (D:3)
  Sigmund (D:4)
  2 basilisks
  4 wyverns
  3 hogs (D:9)
  2 steam dragons
  A human (D:9)
  7 water moccasins
  11 porcupines
  4 orc warriors
  2 sky beasts
  A necrophage (D:5)
  10 ice beasts
  A black bear (D:9)
  8 ogres
  A phantom (D:9)
  25 wolves
  5 centaurs
  5 crocodiles
  2 big kobolds (D:7)
  11 bullfrogs
  A scorpion (D:8)
  6 killer bees (D:10)
  3 wights (D:8)
  4 howler monkeys
  An electric eel (Lair:4)
  3 lava snakes (Lair:2)
  4 crimson imps
  A quasit (D:10)
  A bullfrog zombie (D:5)
  7 hounds
  8 orc priests
  Crazy Yiuf (D:7)
  2 centaur skeletons
  6 jellies
  7 iguanas
  13 orc wizards
  A killer bee zombie (D:8)
  5 worker ants
  A hound skeleton (D:4)
  A howler monkey zombie (D:3)
  2 worker ant zombies
  10 adders
  56 river rats
  4 shadow imps
  An ooze (D:3)
  An adder skeleton (D:9)
  A dart slug (D:1)
  4 worms
  9 leopard geckos
  44 orcs
  14 bats
  5 giant cockroaches
  6 goblins
  10 hobgoblins
  13 jackals
  7 quokkas
  3 ball pythons
  6 frilled lizards
  17 kobolds
  A leopard gecko skeleton (D:4)
  8 rats
  A bush (Lair:4)
  A plant (Lair:2)
537 creatures vanquished.

Vanquished Creatures (others)
  2 fungi
  10 plants (Lair:2)
12 creatures vanquished.

Grand Total: 549 creatures vanquished

Notes
Turn   | Place    | Note
-------+----------+-------------------------------------------
     0 | D:1      | Proteus the Spriggan Assassin began the quest for the Orb.
     0 | D:1      | Reached XP level 1. HP: 10/10 MP: 2/2
   120 | D:1      | Reached skill level 6 in Stealth
   341 | D:1      | Reached XP level 2. HP: 7/14 MP: 3/3
   729 | D:1      | Reached skill level 7 in Stealth
  1140 | D:1      | Reached XP level 3. HP: 18/18 MP: 4/4
  1459 | D:2      | Found a bloodstained altar of Trog.
  1468 | D:2      | Became a worshipper of Trog the Wrathful
  1628 | D:2      | Reached skill level 8 in Stealth
  1653 | D:2      | Gained mutation: Armour fits poorly on your strangely shaped body. [potion of mutation]
  1653 | D:2      | Lost mutation: Armour fits poorly on your strangely shaped body. [potion of mutation]
  1653 | D:2      | Gained mutation: You have sharp toenails. [potion of mutation]
  1849 | D:2      | Found a shimmering altar of Xom.
  2685 | D:3      | Reached XP level 4. HP: 22/22 MP: 5/5
  3002 | D:3      | Noticed Proteus's ghost (amateur SpAs)
  3258 | D:3      | Reached skill level 9 in Stealth
  3345 | D:3      | Reached * piety under Trog
  4206 | D:3      | Killed Proteus's ghost
  4206 | D:3      | Reached skill level 11 in Stealth
  4206 | D:3      | Reached XP level 5. HP: 16/25 MP: 6/6
  4206 | D:3      | Reached XP level 6. HP: 19/30 MP: 7/7
  4701 | D:4      | Noticed Sigmund
  5428 | D:3      | Reached skill level 12 in Stealth
  5884 | D:4      | Reached ** piety under Trog
  5884 | D:4      | Reached XP level 7. HP: 31/33 MP: 8/8
  7150 | D:4      | Reached skill level 13 in Stealth
  7454 | D:4      | Killed Sigmund
  7937 | D:4      | Reached XP level 8. HP: 39/39 MP: 9/9
  7988 | D:5      | Entered Level 5 of the Dungeon
  7988 | D:5      | Noticed Naow's ghost (amateur MiBe)
  8676 | D:6      | Found a snail-covered altar of Cheibriados.
  8744 | D:6      | Found a blossoming altar of Fedhas.
  8746 | D:6      | Found a stormy altar of Qazlal.
  9140 | D:6      | Reached skill level 14 in Stealth
  9549 | D:6      | Reached *** piety under Trog
  9689 | D:6      | Found a staircase to the Ecumenical Temple.
  9698 | Temple   | Entered the Ecumenical Temple
 10181 | D:7      | Found a runed door.
 10186 | D:7      | Noticed Crazy Yiuf
 10195 | D:7      | Killed Crazy Yiuf
 10628 | D:7      | Found a hide-covered altar of Uskayaw.
 10960 | D:7      | Reached skill level 5 in Dodging
 10960 | D:7      | Reached skill level 15 in Stealth
 10960 | D:7      | Reached XP level 9. HP: 37/44 MP: 10/10
 11158 | D:8      | HP: 2/44 [orc warrior/trident (16)]
 11528 | D:8      | Reached **** piety under Trog
 11735 | D:8      | Found an iron altar of Okawaru.
 11892 | D:8      | Received a gift from Trog
 12282 | D:8      | Reached skill level 5 in Short Blades
 12292 | D:8      | Reached skill level 16 in Stealth
 12641 | D:8      | Reached XP level 10. HP: 50/50 MP: 11/11
 12979 | D:8      | Reached ***** piety under Trog
 13044 | D:9      | Reached skill level 5 in Throwing
 13390 | D:9      | Found a shattered altar of Ashenzari.
 13396 | D:9      | Found a staircase to the Orcish Mines.
 13657 | D:9      | Noticed Naow's ghost (novice MiBe)
 14065 | D:9      | Found a hazy altar of Hepliaklqana.
 14071 | D:9      | Found a runed door.
 14088 | D:9      | Reached skill level 17 in Stealth
 14096 | D:9      | Found an opulent altar of Gozag.
 14100 | D:9      | Received a gift from Trog
 14324 | D:9      | Reached skill level 5 in Fighting
 14338 | D:9      | Found a white marble altar of Elyvilon.
 14357 | D:9      | Found a shadowy altar of Dithmenos.
 14397 | D:9      | Found a radiant altar of Vehumet.
 14400 | D:9      | Found a sparkling altar of Nemelex Xobeh.
 14409 | D:9      | Noticed a flayed ghost
 14432 | D:9      | Killed a flayed ghost
 14544 | D:9      | Received a gift from Trog
 14664 | D:5      | Killed Naow's ghost
 14716 | D:5      | Found a white marble altar of Elyvilon.
 14799 | D:5      | Found a white marble altar of Elyvilon.
 14893 | D:5      | Reached XP level 11. HP: 56/56 MP: 12/12
 15372 | D:10     | Entered Level 10 of the Dungeon
 15376 | D:10     | Noticed Urug
 15433 | D:10     | Killed Urug
 15438 | D:10     | Reached skill level 18 in Stealth
 15478 | D:10     | Found a staircase to the Lair.
 15598 | D:10     | Noticed Josephine
 15613 | D:10     | Killed Josephine
 15808 | D:10     | Gained mutation: You regenerate slowly when monsters are visible. [potion of mutation]
 15808 | D:10     | Gained mutation: Your flesh is cold resistant. (rC+) [potion of mutation]
 15808 | D:10     | Gained mutation: You are agile. (Dex +2) [potion of mutation]
 15809 | D:10     | Lost mutation: You are agile. (Dex +2) [potion of cure mutation]
 15809 | D:10     | Lost mutation: You have sharp toenails. [potion of cure mutation]
 15809 | D:10     | Lost mutation: Your flesh is cold resistant. (rC+) [potion of cure mutation]
 15809 | D:10     | Lost mutation: You regenerate slowly when monsters are visible. [potion of cure mutation]
 16094 | D:10     | Received a gift from Trog
 16151 | D:10     | Reached skill level 10 in Dodging
 16336 | Lair:1   | Entered Level 1 of the Lair of Beasts
 16422 | Lair:1   | Noticed Joseph
 16443 | Lair:1   | Killed Joseph
 16833 | Lair:1   | Reached skill level 19 in Stealth
 17002 | Lair:1   | Noticed an eight-headed hydra
 17049 | Lair:1   | Killed an eight-headed hydra
 17056 | Lair:1   | Reached XP level 12. HP: 49/62 MP: 13/13
 17498 | Lair:2   | Found an opulent altar of Gozag.
 17725 | Lair:2   | Received a gift from Trog
 17866 | Lair:2   | Noticed a four-headed hydra
 17916 | Lair:2   | Killed a four-headed hydra
 18052 | Lair:2   | Noticed Nergalle
 18068 | Lair:2   | Killed Nergalle
 18763 | Lair:3   | Reached ****** piety under Trog
 18888 | Lair:3   | Reached skill level 20 in Stealth
 19485 | Lair:4   | Received a gift from Trog
 19865 | Lair:4   | Found a staircase to the Shoals.
 20021 | Lair:4   | Received a gift from Trog
 20058 | Lair:4   | Found a hole to the Spider Nest.
 20159 | Lair:4   | Reached XP level 13. HP: 67/67 MP: 14/14
 20386 | Lair:3   | Reached skill level 21 in Stealth
 20819 | Lair:5   | Noticed Naow's ghost (journeyman DDFi)
 21116 | Lair:5   | Killed Naow's ghost
 21116 | Lair:5   | Reached skill level 10 in Short Blades
 21385 | Lair:5   | Received a gift from Trog
 21499 | Lair:5   | Found a staircase to the Slime Pits.
 21500 | Lair:5   | Found a viscous altar of Jiyva.
 21769 | Lair:6   | Entered Level 6 of the Lair of Beasts
 21796 | Lair:6   | Found a frozen archway.
 21927 | IceCv    | Entered an ice cave
 22213 | IceCv    | Reached skill level 22 in Stealth
 22832 | IceCv    | Noticed a frost giant
 22857 | IceCv    | Received a gift from Trog
 22952 | IceCv    | Killed a frost giant
 22988 | IceCv    | Slain by a polar bear

Vault maps used:
D:1:      sevenhm_arrival_forest_fort_large_2
D:2:      marbit_many_paths, nicolae_overflow_crystal_walls
D:3:      first_bread, minmay_goblin_kobold_house
D:4:      minmay_crystal_water, uniq_sigmund
D:5:      lemuel_round_altar, minmay_tree_intersection, elyvilon_altar_3
D:6:      grunt_temple_overflow_forces_of_nature, cheibrodos_worm_habitat
D:7:      old_standard_altar, uniq_crazy_yiuf_cottage
D:8:      lemuel_crystal_altar
D:9:      due_megacathedral, overflow_temple_1_default, grunt_livestock
D:10:     lair_0_dummy, hangedman_abyss_or_decor_slice, uniq_josephine,
          uniq_urug
Temple:   minmay_temple_bridge_abc
Lair:1:   uniq_joseph
Lair:2:   wad_woods_stonehenge, disabler_island, uniq_nergalle
Lair:3:   serial_bayou_shore_b
Lair:4:   minmay_lair_oklob_items, minmay_shoals_entry_hut, dummy_spider_entry
Lair:5:   slime_altar_1
Lair:6:   hangedman_lair_tendril_chambers, wormcave,
          portal_ice_cave_entry_ice_beasts
IceCv:    ice_cave_small_giant

Skill      XL: |  1  2  3  4  5  6  7  8  9 10 11 12 13 |
---------------+----------------------------------------+-----
Stealth        | 6 7 8 11 12 13 15 16 17 19 20 22 | 22.3
Dodging        | 3 5 7 8 10 11 12 | 12.8
Fighting       | 2 3 4 5 6 7 8 |  8.4
Short Blades   | 4 5 7 8 9 10 | 10.5
Throwing       | 3 4 6 7 8 9 |  9.6

Action                   |  1- 3 |  4- 6 |  7- 9 | 10-12 | 13-15 || total
-------------------------+-------+-------+-------+-------+-------++-------
Melee: Dagger            |   153 |   140 |   341 |  1265 |   786 ||  2685
       Kick              |     4 |    36 |    98 |   139 |       ||   277
       Demon blade       |       |       |       |       |    22 ||    22
 Fire: Blowgun           |       |    23 |    31 |       |     8 ||    62
Invok: Berserk           |       |       |     4 |     1 |     2 ||     7
       Burn Spellbooks   |       |       |     1 |     3 |       ||     4
Evoke: Wand              |       |    10 |     3 |       |       ||    13
  Use: Scroll            |     7 |     1 |    11 |    17 |     6 ||    42
       Potion            |     2 |     1 |     4 |     2 |       ||     9
 Stab: Sleeping          |    13 |     5 |    20 |    75 |    20 ||   133
       Distracted        |     2 |     1 |     1 |     8 |       ||    12
  Eat: Royal jelly       |       |     1 |       |       |       ||     1
       Bread ration      |       |     1 |       |       |     1 ||     2
       Pizza             |       |       |     1 |     7 |     2 ||    10
       Fruit             |       |       |     4 |       |       ||     4
Armor: Robe              |    20 |    18 |    20 |    64 |    72 ||   194
       Skin              |       |       |     1 |       |       ||     1
Dodge: Dodged            |   126 |   145 |   247 |  1055 |   894 ||  2467
       Rpst.: Demon blade |       |       |       |       |     9 ||     9
